 Dungeon Sprint DCSS version 0.31-a0-632-g766dd24fdf (webtiles) character file.

Game seed: 3424307061299340199

9373 sircluck the Tortoise (level 11, -2/116 HPs)
             Began as a Minotaur Fighter on Aug 25, 2023.
             Was an Initiate of Ashenzari.
             Succumbed to barbed spike wounds
             ... in the Dungeon (Sprint VII: "The Pits").
             The game lasted 00:07:38 (2064 turns).

sircluck the Tortoise (Minotaur Fighter)            Turns: 2064, Time: 00:07:39

Health: -2/116     AC: 19    Str: 25    XL:     11   Next: 22%
Magic:  10/10      EV:  8    Int:  5    God:    Ashenzari [......]
Gold:   0          SH:  8    Dex: 10    Spells: 10/10 levels left

rFire   . . .        w - +2 morningstar (heavy)
rCold   . . .        c - +0 buckler
rNeg    . . .        q - +2 plate armour
rPois   .            (helmet restricted)
rElec   .            (no cloak)
rCorr   .            (no gloves)
SInv    .            (no boots)
Will    .....        (no amulet) Stlth
                     (no ring)
HPRegen 0.39/turn    (no ring)
MPRegen 0.12/turn

%: no teleportation
@: spiked, hasted, invisible, very quick
A: horns 2, retaliatory headbutt
a: Renounce Religion, Curse Item


You were in the Dungeon.
You worshipped Ashenzari.
Ashenzari was noncommittal.
You visited 1 branch

Inventory:

Hand Weapons
 a - a +0 flail
 k - a +2 mace
 s - a +1 mace of protection
 w - a +2 heavy morningstar (weapon)
Missiles
 p - 10 stones
Armour
 b - a +0 scale mail
 c - a +0 buckler (worn)
 q - a +2 plate armour (worn)
 r - a +3 ring mail
 v - a +0 pair of gloves
Jewellery
 j - a +3 ring of intelligence
 t - a +3 ring of evasion
Wands
 x - a wand of iceblast (9)
Scrolls
 m - 2 scrolls of vulnerability
 n - 5 scrolls of amnesia
Potions
 d - 3 potions of might
 e - 7 potions of curing
 f - 3 potions of heal wounds
 h - 4 potions of magic
 i - a potion of berserk rage
 l - a potion of invisibility
 u - 2 potions of brilliance


   Skills:
 + Level 16.8 Fighting
 + Level 16.6 Maces & Flails
 + Level 16.9 Armour
 + Level 16.8 Shields


You had 10 spell levels left.
You didn't know any spells.
Your spell library was empty.

Dungeon Overview and Level Annotations

Branches:
Dungeon (1/1)

Altars:
Ashenzari
Cheibriados
Dithmenos
Elyvilon
Fedhas
Gozag
Hepliaklqana
Kikubaaqudgha
Makhleb
Nemelex Xobeh
Okawaru
Qazlal
Ru
Sif Muna
Trog
Uskayaw
Vehumet
Wu Jian
Xom
Yredelemnul
Zin
The Shining One
Jiyva
Lugonu


Innate Abilities, Weirdness & Mutations

You have a pair of horns on your head.
You reflexively headbutt those who attack you in melee.


Message History

The deep elf zephyrmancer gestures at something while chanting.
You block something's attack.
The barbed spikes dig painfully into your body as you move.
* * * LOW HITPOINT WARNING * * *
Something hits you but does no damage.
There is an open door here.
The barbed spikes dig painfully into your body as you move.
* * * LOW HITPOINT WARNING * * *
Something hits you but does no damage.
You see here a blink frog skeleton.
You close the door.
A deep elf zephyrmancer opens the door.
The barbed spikes dig painfully into your body as you move.
* * * LOW HITPOINT WARNING * * *
You block something's attack.
The deep elf zephyrmancer points at the guardian mummy and mumbles some strange words.
You feel much better. Something hits you but does no damage.
You feel yourself speed up. Something hits you.
* * * LOW HITPOINT WARNING * * *
The barbed spikes dig painfully into your body as you move.
* * * LOW HITPOINT WARNING * * *
You block something's attack.
The barbed spikes dig painfully into your body as you move.
* * * LOW HITPOINT WARNING * * *
Something hits you but does no damage. x2
There is a broken door here.
The barbed spikes dig painfully into your body as you move.
* * * LOW HITPOINT WARNING * * *
Something hits you.
* * * LOW HITPOINT WARNING * * *
Something hits you but does no damage.
The barbed spikes dig painfully into your body as you move.
* * * LOW HITPOINT WARNING * * *
The barbed spikes dig painfully into your body as you move.
* * * LOW HITPOINT WARNING * * *
There is an open door here.
The barbed spikes dig painfully into your body as you move.
* * * LOW HITPOINT WARNING * * *
You close the door.
The barbed spikes dig painfully into your body as you move.
You die...

#'#####''######
.....##''############## ##### ##
.....##......#...')...###...# ..
.....##....###...###)..#...# ..
.<...##...##.'...+.##.....#### ..
.....##..##..##+##..##)..##..##..
.....##..#..##...##..+...#.......
.....##..#..#.....#.)#(..#4...#..
#######..'..+...@.+).'..÷eWe.....
#######.)#..#.....#..#.÷÷#....#..
#..[.##..#..##...##..'Me.#.......
#..[[##..##..##+##..##...##..##..
'..))##...##.+..÷'.##.....#### ..
#..))##....###..)###...#...# ..
#..).##......#...'....###...# .
####################### ####


There were no monsters in sight!

Vanquished Creatures
  A sun demon (D)
  A sea snake (D)
  A spriggan druid (D)
  A deep elf pyromancer (D)
  A cyclops (D)
  An orc sorcerer (D)
  A manticore (D)
  An elephant (D)
  Joseph (D)
  A black mamba (D)
  A gargoyle (D)
  An orange demon (D)
  A rime drake (D)
  A freezing wraith (D)
  An ice devil (D)
  5 blink frogs (D)
  2 snapping turtles (D)
  A flying skull (D)
  2 basilisks (D)
  4 yaks (D)
  2 fire bats (D)
  4 vampire mosquitoes (D)
  An acid dragon (D)
  A floating eye (D)
  An ice beast (D)
  2 ogres (D)
  A centaur (D)
  A bullfrog (D)
  3 killer bees (D)
  A crimson imp (D)
  An orc priest (D)
  A gnoll bouda (D)
  A jelly (D)
  An orc wizard (D)
  4 gnolls (D)
  A river rat (D)
  2 adders (D)
  A worm (D)
  2 orcs (D)
  A bat zombie (D)
  An endoplasm (D)
  A giant cockroach (D)
  A goblin (D)
  A hobgoblin (D)
  A giant cockroach zombie (D)
  A jackal zombie (D)
  A kobold (D)
  A quokka zombie (D)
  A rat (D)
70 creatures vanquished.

Notes
Turn   | Place    | Note
-------+----------+-------------------------------------------
     0 | D        | sircluck the Minotaur Fighter began the quest for the Orb.
     0 | D        | Reached XP level 1. HP: 19/19 MP: 0/0
    42 | D        | Found a bloodstained altar of Trog.
    42 | D        | Found a shimmering blue altar of Sif Muna.
    42 | D        | Found a viscous altar of Jiyva.
    42 | D        | Found a hazy altar of Hepliaklqana.
    42 | D        | Found an opulent altar of Gozag.
    43 | D        | Found a glowing golden altar of the Shining One.
    43 | D        | Found a glowing silver altar of Zin.
    43 | D        | Found a basalt altar of Yredelemnul.
    43 | D        | Found a shimmering altar of Xom.
    43 | D        | Found an ornate altar of the Wu Jian Council.
    43 | D        | Found a sacrificial altar of Ru.
    43 | D        | Found a stormy altar of Qazlal.
    43 | D        | Found an iron altar of Okawaru.
    43 | D        | Found a sparkling altar of Nemelex Xobeh.
    43 | D        | Found a burning altar of Makhleb.
    43 | D        | Found a blossoming altar of Fedhas.
    43 | D        | Found a white marble altar of Elyvilon.
    43 | D        | Found a shadowy altar of Dithmenos.
    43 | D        | Found a snail-covered altar of Cheibriados.
    45 | D        | Found a radiant altar of Vehumet.
    45 | D        | Found a corrupted altar of Lugonu.
    46 | D        | Found a hide-covered altar of Uskayaw.
    46 | D        | Found an ancient bone altar of Kikubaaqudgha.
    46 | D        | Found a broken altar of Ashenzari.
    56 | D        | Became a worshipper of Ashenzari the Shackled
    76 | D        | Reached XP level 2. HP: 24/28 MP: 1/1
   118 | D        | Reached skill level 5 in Fighting
   118 | D        | Reached skill level 5 in Armour
   118 | D        | Reached skill level 5 in Shields
   118 | D        | Reached XP level 3. HP: 33/36 MP: 2/2
   123 | D        | Noticed a floating eye
   128 | D        | Killed a floating eye
   129 | D        | Reached XP level 4. HP: 39/47 MP: 3/3
   129 | D        | Reached XP level 5. HP: 43/52 MP: 4/4
   244 | D        | Noticed an ogre
   283 | D        | Killed an ogre
   284 | D        | Reached XP level 6. HP: 20/62 MP: 5/5
   436 | D        | Noticed a basilisk
   444 | D        | Killed a basilisk
   445 | D        | Reached XP level 7. HP: 65/71 MP: 6/6
   462 | D        | Reached skill level 10 in Fighting
   462 | D        | Reached skill level 10 in Shields
   465 | D        | Reached skill level 10 in Armour
   489 | D        | Noticed a fire bat
   496 | D        | Killed a fire bat
   497 | D        | Reached skill level 10 in Maces & Flails
   616 | D        | Noticed a vampire mosquito
   616 | D        | Noticed a vampire mosquito
   616 | D        | Noticed a vampire mosquito
   621 | D        | Killed a vampire mosquito
   621 | D        | Noticed a vampire mosquito
   622 | D        | Killed a vampire mosquito
   623 | D        | Reached XP level 8. HP: 78/82 MP: 7/7
   779 | D        | Noticed an ice devil
   798 | D        | Killed an ice devil
   857 | D        | Noticed Joseph
   873 | D        | Killed Joseph
   874 | D        | Reached XP level 9. HP: 48/92 MP: 8/8
  1001 | D        | Noticed an orange demon
  1005 | D        | Killed an orange demon
  1015 | D        | Noticed an elephant
  1024 | D        | Killed an elephant
  1032 | D        | Noticed a spriggan druid
  1041 | D        | Killed a spriggan druid
  1216 | D        | Noticed a sea snake
  1217 | D        | Noticed a sun demon
  1220 | D        | Killed a sea snake
  1222 | D        | Reached XP level 10. HP: 70/104 MP: 9/9
  1224 | D        | Killed a sun demon
  1443 | D        | Noticed a deep elf pyromancer
  1456 | D        | Killed a deep elf pyromancer
  1457 | D        | Reached skill level 15 in Fighting
  1457 | D        | Reached skill level 15 in Armour
  1457 | D        | Reached skill level 15 in Shields
  1463 | D        | Reached skill level 15 in Maces & Flails
  1467 | D        | Noticed a cyclops
  1467 | D        | Noticed a manticore
  1472 | D        | Killed a cyclops
  1474 | D        | Noticed a black mamba
  1484 | D        | Killed a black mamba
  1493 | D        | Killed a manticore
  1711 | D        | Noticed an orc sorcerer
  1714 | D        | Killed an orc sorcerer
  1715 | D        | Reached XP level 11. HP: 114/115 MP: 10/10
  2032 | D        | Noticed a deep elf zephyrmancer
  2032 | D        | Noticed a deep elf archer
  2032 | D        | Noticed a deep elf zephyrmancer
  2040 | D        | Noticed a deep elf zephyrmancer
  2044 | D        | Noticed a deep elf knight
  2062 | D        | HP: 5/116 [barbs]
  2064 | D        | Succumbed to barbed spike wounds

Illustrated notes

Levels and vault maps discovered:
D:        pitsprint [storerooms_1, entrance_room_1, metal_vault_6, armoury_1,
          mini_pit_1, grid_room_1, main_hall_1, silver_pit, the_coven_1,
          the_vestibule_1, steel_vault_1, golden_pit, hallway_of_sentries,
          crystal_vault_2, iron_vault_1, final_vault]

Skill      XL: |  1  2  3  4  5  6  7  8  9 10 |
---------------+-------------------------------+-----
Fighting       | 4 5 7 8 9 11 12 14 16 | 16.8
Maces & Flails | 3 4 6 8 9 11 12 14 16 | 16.6
Armour         | 4 5 6 8 9 11 12 14 16 | 16.9
Shields        | 4 5 7 8 9 11 12 14 16 | 16.8

Action                     |  1- 3 |  4- 6 |  7- 9 | 10-12 || total
---------------------------+-------+-------+-------+-------++-------
  Melee: Mace              |    18 |    35 |    32 |       ||    85
         Headbutt          |     6 |     9 |    14 |     8 ||    37
         Morningstar       |       |       |    53 |    66 ||   119
  Evoke: Wand              |       |       |       |     2 ||     2
    Use: Potion            |       |     1 |     1 |    11 ||    13
         Scroll            |       |     1 |       |     1 ||     2
 Armour: Scale mail        |     2 |       |       |       ||     2
         Plate armour      |       |    14 |    59 |    61 ||   134
  Dodge: Dodged            |     6 |    11 |    47 |    37 ||   101
  Block: Buckler           |     4 |     3 |    39 |    35 ||    81

Table legend: (Time is in decaauts)
 A = Elapsed time spent in this place.
 B = Non-inter-level travel time spent in this place.
 C = Inter-level travel time spent in this place.
 D = Time resting spent in this place.
 E = Time spent auto-exploring this place.
 F = Levels seen in this place.
 G = Mean time per level.
                   A        B        C        D        E       F      G
               +--------+--------+--------+--------+--------+-----+--------+
         Total |   2104 |   1942 |    162 |   1145 |    103 |   1 | 2104.0 |
       Dungeon |   2104 |   1942 |    162 |   1145 |    103 |   1 | 2104.0 |
               +--------+--------+--------+--------+--------+-----+--------+

Top non-repeatable levels by time:
       D: 2104 daAuts
